 Dungeon Crawl Stone Soup version 0.31-a0-188-g5e087ee2ca (webtiles) character file.

Game seed: 5628328624529286390

488 qw the Skirmisher (level 6, 0/35 HPs)
             Began as a Deep Elf Hunter on June 22, 2023.
             Slain by an iguana (4 damage)
             ... on level 5 of the Dungeon.
             The game lasted 00:01:10 (3530 turns).

qw the Skirmisher (Deep Elf Hunter)                 Turns: 3530, Time: 00:01:10

Health: 0/35       AC:  9    Str: 10    XL:     6   Next: 90%
Magic:  8/8        EV: 11    Int: 14    God:
Gold:   266        SH:  0    Dex: 18    Spells: 5/5 levels left

rFire   . . .        Y - +1 shortbow
rCold   . . .        (shield currently unavailable)
rNeg    + . .        i - +0 ring mail
rPois   .            (no helmet)
rElec   .            (no cloak)
rCorr   .            (no gloves)
SInv    .            (no boots)
Will    .....        (no amulet)
Stlth   +            f - ring of positive energy
HPRegen 0.25/turn    a - +4 ring of protection
MPRegen 0.11/turn

%: no passive effects
@: no status effects
A: no striking features
a: no special abilities


You were on level 5 of the Dungeon.
You visited 1 branch of the dungeon, and saw 5 of its levels.

You collected 266 gold pieces.


   Skills:
 - Level 2.1 Fighting
 + Level 10.4 Ranged Weapons
 - Level 3.0 Dodging
 - Level 1.2 Stealth


You had 5 spell levels left.
You didn't know any spells.
Your spell library was empty.

Inventory:

Hand Weapons
 Y - a +1 shortbow (weapon)
Armour
 i - a +0 ring mail (worn)
Jewellery
 a - a +4 ring of protection (right hand)
 f - a ring of positive energy (left hand)
Potions
 d - a potion of invisibility {unknown}
 g - a potion of resistance {unknown}
 k - a potion of mutation {unknown}
 l - a potion of curing
 m - a potion of attraction {unknown}

Dungeon Overview and Level Annotations

Branches:
Dungeon (5/15)
 Temple: D:4-7

Altars:

Annotations:
D:4 1 runed translucent door, qw's ghost, amateur GrFi
D:5 exclusion: gnoll


Message History

You feel sick.
You feel sick.
3520 ||| FLEEEEING.
You feel sick.
You are no longer poisoned.
3521 ||| FLEEEEING.
You shoot an arrow. The arrow closely misses the gnoll.
The gnoll barely misses you.
You shoot an arrow. The arrow hits the gnoll!
You kill the gnoll!
You shoot an arrow. The arrow closely misses the gnoll.
The gnoll barely misses you.
You shoot an arrow. The arrow hits the gnoll.
The gnoll is moderately wounded.
The gnoll hits you from afar with a +0 spear.
3526 ||| READING scroll of teleportation.
As you read the scroll of teleportation, it crumbles to dust.
You feel strangely unstable. The gnoll hits you but does no damage.
You shoot an arrow.
The arrow hits the gnoll but does no damage.
The gnoll is moderately wounded.
The gnoll hits you from afar with a +0 spear.
You shoot an arrow. The arrow hits the gnoll.
The gnoll is severely wounded.
The gnoll closely misses you.
You shoot an arrow. The arrow hits the gnoll.
You kill the gnoll!
Your surroundings suddenly seem different.
A jelly and an iguana come into view.
Found six items.
The iguana hisses angrily.
The jelly quivers.
You hear an angry hiss.
An adder comes into view.
The jelly hits you but does no damage. The iguana bites you.
You shoot an arrow. The arrow hits the iguana.
The iguana is moderately wounded.
The iguana bites you.
You die...

#### ...
###J###.#...
#...@lS...#
#.........#
#..#####..#
#..#?$$#..#
#..#!)?#..#
#..#=$$#..#
...#####..#
#..........#


You could see an iguana, a jelly and an adder.

Vanquished Creatures
  A phantom (D:4)
  2 scorpions (D:4)
  4 hounds (D:4)
  Ijyb (D:4)
  A sleepcap (D:4)
  4 gnolls
  2 adders (D:4)
  A worm (D:2)
  4 dart slugs
  An orc (D:3)
  3 endoplasms
  2 giant cockroaches
  5 hobgoblins
  4 jackals
  A quokka (D:3)
  9 ball pythons
  3 bats
  5 frilled lizards
  9 goblins
  8 kobolds
  7 rats
77 creatures vanquished.

Notes
Turn   | Place    | Note
-------+----------+-------------------------------------------
     0 | D:1      | qw the Deep Elf Hunter began the quest for the Orb.
     0 | D:1      | Reached XP level 1. HP: 12/12 MP: 3/3
     0 | D:1      | 0 ||| qw: Version: 0.3-a-9-g12657ce
     0 | D:1      | 0 ||| qw: Game counter: 2935
     0 | D:1      | 0 ||| qw: Always use a shield: true
     0 | D:1      | 0 ||| qw: God list: Okawaru
     0 | D:1      | 0 ||| qw: Allow faded altars: false
     0 | D:1      | 0 ||| qw: Do Orc after D:15 true
     0 | D:1      | 0 ||| qw: Do second Lair branch before Depths: true
     0 | D:1      | 0 ||| qw: Lair rune preference: random
     0 | D:1      | 0 ||| qw: Plans: Normal
     0 | D:1      | 0 ||| PLANNING D:1-11
    65 | D:1      | Reached skill level 6 in Ranged Weapons
    65 | D:1      | Reached XP level 2. HP: 16/16 MP: 4/4
   691 | D:1      | 691 ||| READING scroll labelled JUOBLE RACIORPH.
   692 | D:1      | 692 ||| READING scroll labelled HES LIUDULOT.
   693 | D:1      | 693 ||| READING scroll labelled MEFOUC YROQAARUA.
   694 | D:1      | 694 ||| DRINKING 2 smoky emerald potions.
   738 | D:1      | 738 ||| DROPPING scroll of butterflies.
   739 | D:1      | 739 ||| DROPPING potion of lignification.
   777 | D:2      | Reached XP level 3. HP: 20/20 MP: 5/5
  1376 | D:2      | Found a faded altar of an unknown god.
  1470 | D:2      | 1470 ||| READING 2 scrolls labelled LASSAA ATHOGE.
  1475 | D:2      | 1475 ||| READING scroll labelled NUUNAPPEEL.
  1476 | D:2      | 1476 ||| READING scroll labelled PAENEO DIQOOTAI.
  1477 | D:2      | 1477 ||| DRINKING 2 lumpy black potions.
  1478 | D:2      | 1478 ||| DRINKING 2 viscous orange potions.
  1479 | D:2      | 1479 ||| DROPPING potion of degeneration.
  1723 | D:3      | Reached skill level 7 in Ranged Weapons
  1736 | D:3      | 1736 ||| FLEEEEING.
  1737 | D:3      | 1737 ||| FLEEEEING.
  2212 | D:3      | 2212 ||| UPGRADING to +0 scale mail.
  2222 | D:3      | 2222 ||| DROPPING +0 leather armour.
  2223 | D:3      | 2223 ||| UPGRADING to +0 ring mail.
  2233 | D:3      | 2233 ||| DROPPING +0 scale mail.
  2234 | D:3      | 2234 ||| DROPPING amulet of magic regeneration.
  2235 | D:3      | 2235 ||| UPGRADING to ring of positive energy.
  2236 | D:3      | 2236 ||| READING scroll labelled ANWEON ZERPH.
  2269 | D:3      | 2269 ||| DRINKING 3 sedimented amethyst potions.
  2270 | D:3      | 2270 ||| DROPPING 2 potions of magic.
  2296 | D:4      | Noticed qw's ghost (amateur GrFi)
  2296 | D:4      | Found a runed translucent door.
  2357 | D:4      | Reached XP level 4. HP: 11/25 MP: 6/6
  2439 | D:4      | Reached skill level 8 in Ranged Weapons
  2450 | D:4      | Noticed a phantom
  2457 | D:4      | 2457 ||| Stepping ~*~*~tactically~*~*~ (water).
  2458 | D:4      | Killed a phantom
  2459 | D:4      | Reached XP level 5. HP: 24/29 MP: 7/7
  2514 | D:4      | Reached skill level 9 in Ranged Weapons
  2804 | D:4      | Reached XP level 6. HP: 22/35 MP: 8/8
  2954 | D:4      | Noticed Ijyb
  2971 | D:4      | HP: 4/35 [frozen (5)]
  2972 | D:4      | 2972 ||| READING 2 scrolls of teleportation.
  2973 | D:4      | HP: 1/35 [frozen (3)]
  3147 | D:4      | Reached skill level 10 in Ranged Weapons
  3161 | D:4      | Killed Ijyb
  3258 | D:4      | Reached skill level 3 in Dodging
  3309 | D:4      | 3309 ||| UPGRADING to +4 ring of protection.
  3326 | D:5      | Entered Level 5 of the Dungeon
  3330 | D:5      | 3330 ||| STAIRDANCE
  3501 | D:5      | 3501 ||| Stepping ~*~*~tactically~*~*~ (outnumbered).
  3503 | D:5      | 3503 ||| Stepping ~*~*~tactically~*~*~ (outnumbered).
  3505 | D:5      | 3505 ||| Stepping ~*~*~tactically~*~*~ (outnumbered).
  3520 | D:5      | 3520 ||| FLEEEEING.
  3521 | D:5      | 3521 ||| FLEEEEING.
  3525 | D:5      | HP: 7/35 [gnoll/+0 spear (3)]
  3526 | D:5      | 3526 ||| READING scroll of teleportation.
  3529 | D:5      | HP: 3/35 [iguana (4)]
  3530 | D:5      | Slain by an iguana

Levels and vault maps discovered:
D:1:      nzn_arrival_settlement, layout_basic, supply_closet_lemuel,
          minmay_door_square
D:2:      layout_loops_ring, chequers_ecumenical_altar_simple_redux,
          roderic_serpentine_path, kennysheep_decorative_pillar
D:3:      layout_basic
D:4:      wad_river_or_something, layout_rooms, hellmonk_ghost_happy_afterlife,
          minmay_misc_feat_diagonals, uniq_ijyb
D:5:      minmay_inner_zag, layout_loops_ring, eat_drink_and_be_merry_uskayaw,
          eino_tiny_chamber, minmay_misc_feat_cross, due_unseen_surprise

Skill      XL: |  1  2  3  4  5  6 |
---------------+-------------------+-----
Ranged Weapons | 6 7 8 9 10 | 10.4
Fighting       | 2 |  2.1
Dodging        | 3 |  3.0
Stealth        | |  1.2

Action                     |  1- 3 |  4- 6 || total
---------------------------+-------+-------++-------
   Fire: Shortbow          |   120 |   119 ||   239
    Use: Scroll            |     7 |     2 ||     9
         Potion            |     4 |       ||     4
 Armour: Leather armour    |     2 |       ||     2
         Ring mail         |     2 |    25 ||    27
  Dodge: Dodged            |    27 |    33 ||    60

Table legend:
 A = Non-vault XP
 B = Vault XP
 C = Vault XP percentage of total XP
 D = Non-vault monster count
 E = Vault monster count
 F = Vault count percentage of total count
                 A         B        C        D         E       F
            +---------+---------+-------+---------+---------+-------
      Total |     507 |     191 |  27.4 |      67 |      10 |  13.0
            +---------+---------+-------+---------+---------+-------
        D:1 |      38 |       0 |   0.0 |      25 |       0 |   0.0
        D:2 |      14 |       0 |   0.0 |       8 |       0 |   0.0
        D:3 |      29 |       0 |   0.0 |      15 |       0 |   0.0
        D:4 |     383 |     191 |  33.3 |      16 |      10 |  38.5
        D:5 |      43 |       0 |   0.0 |       3 |       0 |   0.0
            +---------+---------+-------+---------+---------+-------
